[Event "17th Memorial Lezcano Montalvo 2025"]
[Site "Gran Canaria"]
[Date "2025.04.17"]
[Round "6.1"]
[White "Larino Nieto, David"]
[Black "Alsina Leal, Daniel"]
[Result "1-0"]
[Annotator "RC"]
[ECO "A04"]
[WhiteElo "2448"]
[BlackElo "2496"]
[PlyCount "93"]
[EventDate "2025.04.13"]
[EventType "swiss"]
[EventCountry "ESP"]
[SourceTitle "playchess.com"]
[Source "ChessBase"]
[SourceQuality "1"]
[TimeControl "5400+30"]

1. g3 e5 2. Nf3 Nc6 3. d4 e4 4. Ne5 Nce7 5. Bg2 d6 6. Nc4 d5 7. Ne3 Nf6 8. c4 c6 9. Nc3 g6 10. cxd5 cxd5 11. Qa4+ Bd7 12. Qb3 Bc6 13. Nc2 Bg7 14. Nb4 O-O 15. Nxc6 bxc6 16. Na4 Nd7 17. Qc3 c5 18. Nxc5 Nxc5 19. Qxc5 Rc8 20. Qa3 Bxd4 21. Bg5 f6 22. Bh6 Re8 23. Bh3 f5 24. O-O Qb6 25. Rac1 Rxc1 26. Rxc1 Bxf2+ 27. Kh1 Bd4 28. g4 fxg4 29. Bxg4 Nf5 30. Qa4 Rd8 31. Bxf5 gxf5 32. Rd1 Bg7 33. Bxg7 Kxg7 34. Qa3 Qc7 35. b3 d4 36. Rc1 Qd7 37. Qa5 Qd5 38. Rc5 Qd6 39. Rxf5 d3 40. Qxa7+ Kh8 41. Rf7 Qg6 42. Qc7 Re8 43. Qc3+ Kg8 44. Rf1 dxe2 45. Rg1 Re6 46. Rxg6+ hxg6 47. Qe1 1-0

[Event "17th Memorial Lezcano Montalvo 2025"]
[Site "Gran Canaria"]
[Date "2025.04.17"]
[Round "6.2"]
[White "Fiorito, Francisco"]
[Black "Akhvlediani, Irakli"]
[Result "1/2-1/2"]
[Annotator "RC"]
[ECO "A38"]
[WhiteElo "2431"]
[BlackElo "2387"]
[PlyCount "23"]
[EventDate "2025.04.13"]
[EventType "swiss"]
[EventCountry "ESP"]
[SourceTitle "playchess.com"]
[Source "ChessBase"]
[SourceQuality "1"]
[TimeControl "5400+30"]

1. Nf3 c5 2. c4 Nc6 3. Nc3 Nf6 4. g3 g6 5. Bg2 Bg7 6. O-O d6 7. d3 O-O 8. a3 Qd7 9. Rb1 b6 10. b4 Bb7 11. Bd2 Nd4 12. e3 1/2-1/2

[Event "17th Memorial Lezcano Montalvo 2025"]
[Site "Gran Canaria"]
[Date "2025.04.17"]
[Round "6.3"]
[White "Kaczur, Florian"]
[Black "Torres Rebolledo, Alvaro"]
[Result "1-0"]
[Annotator "ChessBase"]
[ECO "A70"]
[WhiteElo "2495"]
[BlackElo "2311"]
[PlyCount "47"]
[EventDate "2025.04.13"]
[EventType "swiss"]
[EventCountry "ESP"]
[SourceTitle "playchess.com"]
[Source "ChessBase"]
[SourceQuality "1"]
[TimeControl "5400+30"]

1. d4 Nf6 2. c4 c5 3. d5 g6 4. Nc3 Bg7 5. e4 d6 6. Bd3 O-O 7. h3 e6 8. Nf3 exd5 9. cxd5 b5 10. Nxb5 Re8 11. O-O Nxe4 12. Qa4 Bd7 13. Re1 Nf6 14. Bg5 a6 15. Qa3 Qb6 16. Nc3 Ra7 17. Nd2 Qc7 18. Nc4 Rxe1+ 19. Rxe1 Bb5 20. Bxf6 Bxf6 21. Nxd6 Bxd3 22. Ne8 Qf4 23. Nxf6+ Qxf6 24. Qxc5 1-0

[Event "17th Memorial Lezcano Montalvo 2025"]
[Site "Gran Canaria"]
[Date "2025.04.17"]
[Round "6.4"]
[White "Gomez Ledo, Roberto Carlos"]
[Black "Korneev, Oleg"]
[Result "1/2-1/2"]
[Annotator "RC"]
[ECO "B80"]
[WhiteElo "2396"]
[BlackElo "2466"]
[PlyCount "58"]
[EventDate "2025.04.13"]
[EventType "swiss"]
[EventCountry "ESP"]
[SourceTitle "playchess.com"]
[Source "ChessBase"]
[SourceQuality "1"]
[TimeControl "5400+30"]

1. e4 c5 2. Nf3 e6 3. d4 cxd4 4. Nxd4 Nf6 5. Nc3 d6 6. Be3 a6 7. f3 b5 8. a3 Bb7 9. Qd2 Nbd7 10. g4 Nb6 11. O-O-O Rc8 12. h4 Be7 13. h5 Nfd7 14. g5 Ne5 15. f4 Nec4 16. Bxc4 Nxc4 17. Qd3 b4 18. axb4 Qb6 19. Rh3 Qxb4 20. Nb3 O-O 21. f5 Ne5 22. Qf1 Rxc3 23. bxc3 Qa3+ 24. Kd2 exf5 25. exf5 Re8 26. Ra1 Qb2 27. Rb1 Nc4+ 28. Qxc4 Qxb1 29. g6 d5 1/2-1/2

[Event "17th Memorial Lezcano Montalvo 2025"]
[Site "Gran Canaria"]
[Date "2025.04.17"]
[Round "6.5"]
[White "Petriashvili, Nikoloz"]
[Black "Narciso Dublan, Marc"]
[Result "1/2-1/2"]
[Annotator "RC"]
[ECO "A27"]
[WhiteElo "2459"]
[BlackElo "2376"]
[PlyCount "78"]
[EventDate "2025.04.13"]
[EventType "swiss"]
[EventCountry "ESP"]
[SourceTitle "playchess.com"]
[Source "ChessBase"]
[SourceQuality "1"]
[TimeControl "5400+30"]

1. c4 e5 2. Nc3 Nc6 3. Nf3 g6 4. d4 exd4 5. Nxd4 Bg7 6. Nxc6 dxc6 7. Qxd8+ Kxd8 8. Bg5+ f6 9. O-O-O+ Ke8 10. Bf4 Bh6 11. g3 Be6 12. e3 Bxf4 13. gxf4 Rd8 14. Rxd8+ Kxd8 15. h4 f5 16. Be2 Nf6 17. b3 Ke7 18. h5 gxh5 19. Bxh5 Bf7 20. Be2 h5 21. f3 h4 22. Kd2 Be6 23. e4 a6 24. Ke3 b5 25. Bd3 bxc4 26. bxc4 fxe4 27. fxe4 Ng4+ 28. Kf3 h3 29. Be2 Kf6 30. c5 a5 31. f5 Ne5+ 32. Kg3 Bf7 33. Rxh3 Rxh3+ 34. Kxh3 Nd7 35. Bf3 Nxc5 36. Kg3 Ke5 37. a3 Kd4 38. Ne2+ Ke5 39. Nc3 Kd4 1/2-1/2

[Event "17th Memorial Lezcano Montalvo 2025"]
[Site "Gran Canaria"]
[Date "2025.04.17"]
[Round "6.6"]
[White "Barski, Radoslaw"]
[Black "Maerevoet, Sim"]
[Result "1/2-1/2"]
[Annotator "RC"]
[ECO "B32"]
[WhiteElo "2385"]
[BlackElo "2451"]
[PlyCount "46"]
[EventDate "2025.04.13"]
[EventType "swiss"]
[EventCountry "ESP"]
[SourceTitle "playchess.com"]
[Source "ChessBase"]
[SourceQuality "1"]
[TimeControl "5400+30"]

1. e4 c5 2. Nf3 Nc6 3. d4 cxd4 4. Nxd4 e5 5. Nb5 d6 6. N1c3 a6 7. Na3 Be6 8. Nc4 Rb8 9. Ne3 Nf6 10. Bd3 g6 11. O-O Bg7 12. Ncd5 Bxd5 13. Nxd5 Nxd5 14. exd5 Ne7 15. Be2 O-O 16. a4 Rc8 17. Re1 f5 18. a5 e4 19. Ra3 Kh8 20. c4 Ng8 21. b4 Be5 22. Bf1 Rf7 23. f4 Bg7 1/2-1/2

[Event "17th Memorial Lezcano Montalvo 2025"]
[Site "Gran Canaria"]
[Date "2025.04.17"]
[Round "6.7"]
[White "Matnadze Bujiashvili, Ann"]
[Black "Pap, Misa"]
[Result "0-1"]
[Annotator "RC"]
[ECO "A81"]
[WhiteElo "2329"]
[BlackElo "2444"]
[PlyCount "140"]
[EventDate "2025.04.13"]
[EventType "swiss"]
[EventCountry "ESP"]
[SourceTitle "playchess.com"]
[Source "ChessBase"]
[SourceQuality "1"]
[TimeControl "5400+30"]

1. Nf3 f5 2. d4 Nf6 3. g3 g6 4. Bg2 Bg7 5. O-O O-O 6. d5 d6 7. Nd4 Ne4 8. c4 c5 9. Nc2 Qe8 10. Nd2 Nxd2 11. Qxd2 b5 12. cxb5 Qxb5 13. Na3 Qa6 14. Rb1 Nd7 15. b3 Nf6 16. Bb2 Rb8 17. Bxf6 Bxf6 18. Nc4 Rb4 19. Rfd1 Bd7 20. e3 Rfb8 21. Bf1 Qc8 22. Na5 Qc7 23. a3 Qxa5 24. axb4 cxb4 25. Bc4 Rc8 26. h4 h5 27. Qe2 Rc5 28. Rbc1 Qc7 29. Rb1 a5 30. Bd3 Kg7 31. e4 fxe4 32. Qxe4 Bf5 33. Qe2 Rxd5 34. Rbc1 Bc3 35. Bxf5 Rxf5 36. Rd3 Rc5 37. Re3 Kf7 38. Rf3+ Bf6 39. Rxc5 Qxc5 40. Qa6 d5 41. Rd3 d4 42. Qa8 Qb5 43. Rf3 Qe5 44. Qd8 Kg7 45. Kg2 Qc5 46. Qd7 Qe5 47. Qd8 Qb5 48. Rxf6 Kxf6 49. Qxd4+ Qe5 50. Qb6+ Qe6 51. Qxa5 Qxb3 52. Qg5+ Kf7 53. Qf4+ Ke8 54. Qb8+ Kd7 55. Qb7+ Ke6 56. Qc6+ Kf7 57. Qe4 Qc3 58. Qd5+ Kg7 59. Qb7 Kf6 60. Qb6+ Kf7 61. f3 b3 62. Qb7 Qc2+ 63. Kh3 b2 64. Qd5+ Kg7 65. Qe5+ Kg8 66. Qd5+ Kf8 67. Qd8+ Kf7 68. Qd5+ Kf6 69. Qd4+ Ke6 70. Qb6+ Kf7 0-1

[Event "17th Memorial Lezcano Montalvo 2025"]
[Site "Gran Canaria"]
[Date "2025.04.17"]
[Round "6.8"]
[White "Martinez Ramirez, Lennis"]
[Black "Meneses Gonzalez, Kevin Moises"]
[Result "1-0"]
[Annotator "RC"]
[ECO "B07"]
[WhiteElo "2443"]
[BlackElo "2307"]
[PlyCount "117"]
[EventDate "2025.04.13"]
[EventType "swiss"]
[EventCountry "ESP"]
[SourceTitle "playchess.com"]
[Source "ChessBase"]
[SourceQuality "1"]
[TimeControl "5400+30"]

1. Nf3 g6 2. d4 Bg7 3. g3 d6 4. Bg2 Nd7 5. O-O e5 6. Nc3 Ngf6 7. e4 O-O 8. h3 Re8 9. Re1 c6 10. a4 a5 11. Be3 exd4 12. Bxd4 Qc7 13. Nd2 Re6 14. Nc4 b6 15. Qd2 Ba6 16. Ne3 h5 17. g4 Nc5 18. g5 Nfd7 19. Bxg7 Kxg7 20. f4 Rae8 21. Rad1 Nb7 22. h4 Ndc5 23. Qd4+ Kg8 24. b3 Qe7 25. Kf2 Qf8 26. Bf3 Qg7 27. Qxg7+ Kxg7 28. f5 Re5 29. f6+ Kf8 30. Ng2 Ne6 31. Rd2 Rc5 32. Nd1 Re5 33. Re3 Nec5 34. Nc3 Ne6 35. Rd1 Nec5 36. Rb1 Nd7 37. Rbe1 Ndc5 38. Nf4 Ne6 39. Nh3 Nd4 40. Bd1 Nc5 41. Ng1 Nce6 42. Nb1 Nf4 43. Nd2 Rc5 44. Kg3 Nde6 45. Rf3 d5 46. e5 b5 47. Rxf4 Nxf4 48. Kxf4 bxa4 49. bxa4 Rb8 50. Ngf3 Rb4+ 51. Kg3 Bc8 52. Re3 Rg4+ 53. Kf2 Rxa4 54. c4 Ra2 55. Rb3 Ke8 56. Rb8 Kd7 57. Rxc8 Kxc8 58. e6 dxc4 59. exf7 1-0

[Event "17th Memorial Lezcano Montalvo 2025"]
[Site "Gran Canaria"]
[Date "2025.04.17"]
[Round "6.9"]
[White "Castellanos Gomez, Alejandro"]
[Black "Kovchan, Alexander"]
[Result "1-0"]
[Annotator "RC"]
[ECO "E71"]
[WhiteElo "2267"]
[BlackElo "2433"]
[PlyCount "91"]
[EventDate "2025.04.13"]
[EventType "swiss"]
[EventCountry "ESP"]
[SourceTitle "playchess.com"]
[Source "ChessBase"]
[SourceQuality "1"]
[TimeControl "5400+30"]

1. d4 g6 2. e4 Bg7 3. c4 d6 4. Nc3 c5 5. d5 Nf6 6. h3 e6 7. Bd3 exd5 8. exd5 Qe7+ 9. Qe2 Nfd7 10. Nf3 Bxc3+ 11. bxc3 Qxe2+ 12. Kxe2 f6 13. h4 O-O 14. a4 Ne5 15. Nxe5 fxe5 16. h5 Bf5 17. hxg6 Bxd3+ 18. Kxd3 hxg6 19. Bg5 Rf5 20. Be7 Nd7 21. Rh6 Re8 22. Bxd6 Rxf2 23. Rah1 Nf6 24. Rh8+ Kf7 25. Rxe8 Kxe8 26. Rh8+ Kf7 27. Bxe5 Ng4 28. Bd6 Rxg2 29. Bxc5 Rg3+ 30. Kc2 b6 31. Bd4 Ne3+ 32. Kb3 Nf5 33. Kb4 Nxd4 34. cxd4 Rd3 35. Rh7+ Kf6 36. Rxa7 g5 37. Ra6 g4 38. Rxb6+ Kf5 39. Rb8 Rxd4 40. a5 Rd1 41. Rf8+ Ke4 42. a6 Ra1 43. Kb5 Rb1+ 44. Kc5 Ra1 45. d6 g3 46. Rg8 1-0

[Event "17th Memorial Lezcano Montalvo 2025"]
[Site "Gran Canaria"]
[Date "2025.04.17"]
[Round "6.10"]
[White "Tytynnik, Artem"]
[Black "Fiorito, Joaquin"]
[Result "0-1"]
[Annotator "RC"]
[ECO "E11"]
[WhiteElo "2209"]
[BlackElo "2402"]
[PlyCount "132"]
[EventDate "2025.04.13"]
[EventType "swiss"]
[EventCountry "ESP"]
[SourceTitle "playchess.com"]
[Source "ChessBase"]
[SourceQuality "1"]
[TimeControl "5400+30"]

1. d4 Nf6 2. c4 e6 3. g3 d5 4. Nf3 Bb4+ 5. Bd2 Be7 6. Qc2 O-O 7. Bg2 c6 8. O-O Nbd7 9. Rd1 a5 10. Bf4 h6 11. Nc3 dxc4 12. Nd2 Nb6 13. e4 a4 14. a3 Bd7 15. Bf1 c5 16. dxc5 Bxc5 17. Nxc4 Nxc4 18. Bxc4 Qe7 19. Be5 Bc6 20. Bxf6 Qxf6 21. Bb5 Bd4 22. Bxc6 bxc6 23. Rd2 Bxc3 24. bxc3 c5 25. Rb1 Rab8 26. Rdd1 Qf3 27. Qxa4 Rxb1 28. Rxb1 Qxc3 29. Qb3 Qd4 30. Qc2 Ra8 31. Rd1 Qa4 32. Qxa4 Rxa4 33. Rd8+ Kh7 34. Rc8 c4 35. Rc7 Kg6 36. Kf1 Kf6 37. Ke2 g5 38. h3 h5 39. Rc5 h4 40. gxh4 gxh4 41. Kf3 Ke7 42. e5 Rxa3+ 43. Kg4 Rc3 44. Kxh4 Kf8 45. Kg4 Kg7 46. Rc7 Rc2 47. Kf3 Rc1 48. Ke4 c3 49. Kd3 Rh1 50. f3 Re1 51. Rxc3 Rxe5 52. Rc4 Kg6 53. Rg4+ Kh6 54. Rf4 f5 55. Ra4 Kh5 56. Rb4 Re1 57. Kd2 Rh1 58. Rb6 Kh4 59. Rxe6 Kg3 60. Re3 f4 61. Re8 Kxf3 62. Ra8 Kf2 63. Ra2 f3 64. Kd3+ Kg3 65. Ra8 f2 66. Rg8+ Kh2 0-1

[Event "17th Memorial Lezcano Montalvo 2025"]
[Site "Gran Canaria"]
[Date "2025.04.17"]
[Round "6.11"]
[White "Ambartsumova, Karina"]
[Black "Moreno Diepa, Diego"]
[Result "1-0"]
[Annotator "RC"]
[ECO "E04"]
[WhiteElo "2405"]
[BlackElo "2243"]
[PlyCount "59"]
[EventDate "2025.04.13"]
[EventType "swiss"]
[EventCountry "ESP"]
[SourceTitle "playchess.com"]
[Source "ChessBase"]
[SourceQuality "1"]
[TimeControl "5400+30"]

1. Nf3 Nf6 2. c4 e6 3. g3 d5 4. d4 dxc4 5. Bg2 c5 6. O-O Nc6 7. dxc5 Qxd1 8. Rxd1 Bxc5 9. Nbd2 O-O 10. Nxc4 Ng4 11. e3 Rb8 12. Bd2 b5 13. Na5 Nxa5 14. Bxa5 Bb7 15. b4 Be7 16. Nd4 Bxg2 17. Kxg2 Rb7 18. Rac1 Ne5 19. Rc7 Rfb8 20. Nxb5 Rxc7 21. Nxc7 Nc6 22. Na6 Rb7 23. Rc1 Nxa5 24. Rc8+ Bf8 25. bxa5 g6 26. Nc5 Re7 27. Rd8 f6 28. a6 Kf7 29. Ra8 Rc7 30. Rxf8+ 1-0

[Event "17th Memorial Lezcano Montalvo 2025"]
[Site "Gran Canaria"]
[Date "2025.04.17"]
[Round "6.12"]
[White "Rodriguez Lopez, David"]
[Black "Yelisieiev, Yevhenii"]
[Result "1-0"]
[Annotator "RC"]
[ECO "B52"]
[WhiteElo "2182"]
[BlackElo "2413"]
[PlyCount "117"]
[EventDate "2025.04.13"]
[EventType "swiss"]
[EventCountry "ESP"]
[SourceTitle "playchess.com"]
[Source "ChessBase"]
[SourceQuality "1"]
[TimeControl "5400+30"]

1. e4 c5 2. Nf3 d6 3. Bb5+ Bd7 4. Bxd7+ Nxd7 5. O-O Ngf6 6. Re1 e6 7. c3 Be7 8. d4 O-O 9. Bf4 Qb6 10. Qb3 Rfc8 11. Qxb6 axb6 12. Nbd2 cxd4 13. Nxd4 Nc5 14. Bg3 Nd3 15. Reb1 Nh5 16. Kf1 g6 17. Ke2 Nhf4+ 18. Bxf4 Nxf4+ 19. Kf3 e5 20. Ne2 Ne6 21. g4 b5 22. Kg2 Rd8 23. Nb3 d5 24. exd5 Rxd5 25. Kf1 Bh4 26. a3 Rd3 27. Rd1 Rad8 28. Rxd3 Rxd3 29. Kg2 f5 30. gxf5 gxf5 31. a4 f4 32. f3 e4 33. Ned4 Ng5 34. fxe4 f3+ 35. Kh1 bxa4 36. Nc5 Rd2 37. Rf1 Bf2 38. Nxa4 b5 39. Nc5 b4 40. h4 Nh3 41. Nxf3 Rxb2 42. Nd3 Re2 43. Kg2 Bd4+ 44. Kxh3 Bxc3 45. Nc5 Bf6 46. Nd7 Bc3 47. Ng5 Re3+ 48. Kg4 h6 49. Rf8+ Kg7 50. Ne6+ Kh7 51. Nf6+ Bxf6 52. Rxf6 Rxe4+ 53. Nf4 b3 54. Rf7+ Kg8 55. Rb7 Re3 56. Kh5 Rf3 57. Ng6 b2 58. Kxh6 b1=Q 59. Rg7# 1-0

[Event "17th Memorial Lezcano Montalvo 2025"]
[Site "Gran Canaria"]
[Date "2025.04.17"]
[Round "6.13"]
[White "Strikovic, Aleksa"]
[Black "Estremera Panos, Sergio"]
[Result "1-0"]
[Annotator "RC"]
[ECO "A33"]
[WhiteElo "2367"]
[BlackElo "2195"]
[PlyCount "88"]
[EventDate "2025.04.13"]
[EventType "swiss"]
[EventCountry "ESP"]
[SourceTitle "playchess.com"]
[Source "ChessBase"]
[SourceQuality "1"]
[TimeControl "5400+30"]

1. c4 c5 2. Nf3 Nf6 3. Nc3 Nc6 4. d4 cxd4 5. Nxd4 e6 6. a3 d5 7. cxd5 exd5 8. Bg5 Bc5 9. Nxc6 bxc6 10. e3 Bd6 11. Be2 Rb8 12. Qc2 O-O 13. Rc1 Be5 14. Bh4 Qb6 15. Na4 Qa5+ 16. Kf1 Bf5 17. Qxf5 Qxa4 18. Bxf6 Bxf6 19. Bd3 Rfd8 20. b4 Qxa3 21. Qxh7+ Kf8 22. Rxc6 Qa4 23. Rc1 Rbc8 24. Rb1 Qa3 25. Ke2 Rc3 26. Rhd1 d4 27. Ra1 Qb2+ 28. Kf3 Ra3 29. Rab1 Qa2 30. Rbc1 Rc3 31. Rxc3 dxc3 32. Qh8+ Ke7 33. Qxd8+ Kxd8 34. Bc4+ Qd2 35. Rxd2+ cxd2 36. Ke2 Bc3 37. Bxf7 Bxb4 38. h4 a5 39. Bb3 Ke7 40. f4 g6 41. Bc2 Kf6 42. g4 Bc3 43. Kd3 Bb4 44. e4 Ke7 1-0

[Event "17th Memorial Lezcano Montalvo 2025"]
[Site "Gran Canaria"]
[Date "2025.04.17"]
[Round "6.14"]
[White "Gonzalez Martinez, Miguel Angel"]
[Black "Garcia Padron, Jose"]
[Result "0-1"]
[Annotator "RC"]
[ECO "C56"]
[WhiteElo "2134"]
[BlackElo "2355"]
[PlyCount "68"]
[EventDate "2025.04.13"]
[EventType "swiss"]
[EventCountry "ESP"]
[SourceTitle "playchess.com"]
[Source "ChessBase"]
[SourceQuality "1"]
[TimeControl "5400+30"]

1. e4 e5 2. Nf3 Nc6 3. d4 exd4 4. Bc4 Nf6 5. e5 d5 6. Bb5 Ne4 7. Nxd4 Bd7 8. Bxc6 bxc6 9. O-O Bc5 10. f3 Ng5 11. f4 Ne4 12. Be3 Bb6 13. c3 c5 14. Nc2 Bc6 15. a4 a5 16. Qg4 g6 17. Rd1 Qe7 18. Nd2 f5 19. exf6 Nxf6 20. Qh4 O-O 21. Re1 Qd7 22. Nf3 Qf5 23. Ne5 Bb7 24. Rac1 Ne4 25. Ng4 Qd7 26. b4 axb4 27. cxb4 d4 28. f5 dxe3 29. Rcd1 Qg7 30. fxg6 cxb4 31. Ncxe3 Qxg6 32. Rd7 Nf6 33. Nh6+ Kh8 34. Re7 Qxg2# 0-1

[Event "17th Memorial Lezcano Montalvo 2025"]
[Site "Gran Canaria"]
[Date "2025.04.17"]
[Round "6.15"]
[White "Sanz Wawer, Daniel"]
[Black "Sukhodolskyi, Oleksii"]
[Result "1-0"]
[Annotator "RC"]
[ECO "C43"]
[WhiteElo "2316"]
[BlackElo "2070"]
[PlyCount "117"]
[EventDate "2025.04.13"]
[EventType "swiss"]
[EventCountry "ESP"]
[SourceTitle "playchess.com"]
[Source "ChessBase"]
[SourceQuality "1"]
[TimeControl "5400+30"]

1. e4 e5 2. Nf3 Nf6 3. d4 Nxe4 4. Bd3 Nc6 5. dxe5 d5 6. O-O Bg4 7. Bf4 Bc5 8. Nc3 Nxc3 9. bxc3 Qd7 10. Rb1 O-O-O 11. Rb5 Bb6 12. a4 f6 13. exf6 gxf6 14. Re1 Rhe8 15. Rxe8 Rxe8 16. Bf1 Qf5 17. Bg3 Bxf3 18. Qxf3 Qxf3 19. gxf3 d4 20. c4 Ne5 21. a5 c6 22. Bh3+ Kb8 23. Rxe5 fxe5 24. axb6 axb6 25. Bf5 Re7 26. Kf1 c5 27. Ke2 Kc7 28. Kd3 Kc6 29. Be4+ Kd6 30. f4 exf4 31. Bxf4+ Ke6 32. Bg3 Kd7 33. f4 b5 34. cxb5 Kc7 35. f5+ Kb6 36. f6 Rd7 37. Kc4 d3 38. cxd3 Rd4+ 39. Kc3 Rd7 40. Be5 Kxb5 41. Bf5 Rf7 42. Be6 Rf8 43. f7 Kc6 44. Bg7 Rxf7 45. Bxf7 b5 46. h4 c4 47. Bxc4 bxc4 48. dxc4 Kc5 49. h5 Kd6 50. Kd4 Kc6 51. Be5 Kd7 52. Kd5 Ke7 53. Kc6 Kd8 54. Kb7 h6 55. c5 Ke8 56. c6 Kf7 57. c7 Ke7 58. c8=Q Kf7 59. Bh2 1-0

[Event "17th Memorial Lezcano Montalvo 2025"]
[Site "Gran Canaria"]
[Date "2025.04.17"]
[Round "6.16"]
[White "Dubkov, Andrej"]
[Black "Hu, Jiani"]
[Result "1/2-1/2"]
[Annotator "RC"]
[ECO "D32"]
[WhiteElo "2307"]
[BlackElo "2091"]
[PlyCount "106"]
[EventDate "2025.04.13"]
[EventType "swiss"]
[EventCountry "ESP"]
[SourceTitle "playchess.com"]
[Source "ChessBase"]
[SourceQuality "1"]
[TimeControl "5400+30"]

1. c4 e6 2. Nc3 d5 3. d4 c5 4. cxd5 exd5 5. Nf3 Nc6 6. dxc5 d4 7. Na4 Bxc5 8. Nxc5 Qa5+ 9. Bd2 Qxc5 10. Rc1 Qb6 11. e3 dxe3 12. Bxe3 Qb4+ 13. Bd2 Qe7+ 14. Be2 Nf6 15. O-O O-O 16. Re1 Qd6 17. Qb3 a5 18. Be3 Ne4 19. Bd3 Be6 20. Qd1 f5 21. Ng5 Nxg5 22. Bxg5 Kh8 23. Be3 Rfd8 24. Bb6 Qxd3 25. Qxd3 Rxd3 26. Rxe6 Rd2 27. Rce1 Kg8 28. R6e2 Rxe2 29. Rxe2 Kf7 30. Kf1 Kf6 31. a4 Ra6 32. Be3 g5 33. Bd2 Nb4 34. Bc3+ Kg6 35. Re5 Nd3 36. Rd5 Nf4 37. Rd7 Rb6 38. g3 Ne6 39. Rd5 Rc6 40. Rxa5 Nc5 41. f3 g4 42. Kf2 gxf3 43. Kxf3 Ne4 44. Bd4 Nd2+ 45. Ke2 Nb3 46. Rd5 Rc2+ 47. Kd3 Nxd4 48. Rxd4 Rxb2 49. Rh4 h5 50. Kc3 Rf2 51. Kb4 Kg5 52. Kc5 Rb2 53. Kd6 b5 1/2-1/2

[Event "17th Memorial Lezcano Montalvo 2025"]
[Site "Gran Canaria"]
[Date "2025.04.17"]
[Round "6.17"]
[White "Fiorito, Fabian"]
[Black "Henriquez Garcia, David"]
[Result "1-0"]
[Annotator "RC"]
[ECO "E17"]
[WhiteElo "2268"]
[BlackElo "1869"]
[PlyCount "49"]
[EventDate "2025.04.13"]
[EventType "swiss"]
[EventCountry "ESP"]
[SourceTitle "playchess.com"]
[Source "ChessBase"]
[SourceQuality "1"]
[TimeControl "5400+30"]

1. d4 Nf6 2. Nf3 e6 3. c4 b6 4. g3 Bb7 5. Bg2 Be7 6. O-O O-O 7. d5 exd5 8. Nh4 c6 9. cxd5 Nxd5 10. Nf5 Nf6 11. e4 d6 12. Bf4 Re8 13. Bxd6 Bf8 14. e5 Nfd7 15. Bxf8 Nxf8 16. Nd6 Re7 17. Nc3 Ba6 18. Re1 Nbd7 19. f4 b5 20. Kh1 Qb6 21. Qg4 Re6 22. Nce4 g6 23. Rad1 f5 24. Nxf5 h5 25. Nh6+ 1-0

[Event "17th Memorial Lezcano Montalvo 2025"]
[Site "Gran Canaria"]
[Date "2025.04.17"]
[Round "6.18"]
[White "Marrero Cardenes, Agustin"]
[Black "Calzetta Ruiz, Monica"]
[Result "0-1"]
[Annotator "RC"]
[ECO "A48"]
[WhiteElo "2163"]
[BlackElo "2224"]
[PlyCount "120"]
[EventDate "2025.04.13"]
[EventType "swiss"]
[EventCountry "ESP"]
[SourceTitle "playchess.com"]
[Source "ChessBase"]
[SourceQuality "1"]
[TimeControl "5400+30"]

1. d4 Nf6 2. Nf3 c5 3. e3 g6 4. Be2 Bg7 5. O-O O-O 6. b3 cxd4 7. exd4 Nc6 8. Bb2 d5 9. Nbd2 Bf5 10. c4 Rc8 11. Ne5 Nxe5 12. dxe5 Nd7 13. f4 Nb6 14. Bd4 dxc4 15. Nxc4 Nxc4 16. Bxc4 a6 17. a4 b5 18. axb5 axb5 19. Bxb5 Bc2 20. Qd2 Bxb3 21. Qe3 Qd5 22. Be2 Rfd8 23. Bb6 Rd7 24. Rfc1 Rxc1+ 25. Rxc1 Bh6 26. Bg4 e6 27. Rc8+ Kg7 28. Bc5 Rd8 29. Rxd8 Qxd8 30. Qxb3 Bxf4 31. Bd6 Qh4 32. Qd1 Qxh2+ 33. Kf1 h5 34. Bf3 Bxe5 35. Ba3 Qh1+ 36. Ke2 Qh4 37. Qc2 Qd4 38. Bc1 h4 39. Be3 Qb2 40. Qxb2 Bxb2 41. Bg5 Bf6 42. Bd2 g5 43. Bg4 Be7 44. Bh5 f5 45. Kf3 e5 46. Be8 e4+ 47. Ke2 g4 48. Bf4 Kf6 49. Bb5 Bc5 50. Bc7 h3 51. gxh3 gxh3 52. Bh2 Kg5 53. Bc6 Kg4 54. Bd5 Be7 55. Kf2 Bh4+ 56. Kg1 Bg3 57. Bb3 f4 58. Be6+ Kf3 59. Bxh3 Bxh2+ 60. Kxh2 Kf2 0-1

[Event "17th Memorial Lezcano Montalvo 2025"]
[Site "Gran Canaria"]
[Date "2025.04.17"]
[Round "6.19"]
[White "Hernando Rodrigo, Jose Maria"]
[Black "Camino Carrio, Nicanor"]
[Result "1-0"]
[Annotator "RC"]
[ECO "E62"]
[WhiteElo "2256"]
[BlackElo "2045"]
[PlyCount "110"]
[EventDate "2025.04.13"]
[EventType "swiss"]
[EventCountry "ESP"]
[SourceTitle "playchess.com"]
[Source "ChessBase"]
[SourceQuality "1"]
[TimeControl "5400+30"]

1. d4 Nf6 2. Nf3 g6 3. c4 Bg7 4. Nc3 O-O 5. g3 d6 6. Bg2 Nc6 7. d5 Na5 8. b3 c5 9. Bb2 a6 10. Nd2 Bd7 11. O-O Rb8 12. Rb1 b5 13. Qc1 Bh6 14. f4 e5 15. dxe6 Bxe6 16. Nce4 Bg7 17. Nxf6+ Bxf6 18. Bxf6 Qxf6 19. Ne4 Qg7 20. Qa3 Bf5 21. Rbd1 Nc6 22. Nxd6 Nd4 23. Nxf5 Nxf5 24. Qxc5 bxc4 25. bxc4 Rfc8 26. Qa7 Qc3 27. Rd3 Qxc4 28. Bd5 Qc7 29. Qxc7 Rxc7 30. e4 Nd6 31. Rf2 h5 32. f5 g5 33. e5 Rb1+ 34. Kg2 Ne8 35. Rb3 Rd1 36. Bf3 Re1 37. e6 Nf6 38. exf7+ Kxf7 39. Rb7 Rxb7 40. Bxb7 a5 41. Rb2 g4 42. Ba6 Ne4 43. Bd3 Ng5 44. Kf2 Rh1 45. Ke3 Re1+ 46. Kd4 Nf3+ 47. Kc5 Re3 48. Rb7+ Kf6 49. Rb6+ Kf7 50. Bc4+ Kf8 51. f6 Re8 52. f7 Rc8+ 53. Rc6 Rd8 54. Bb3 Ng5 55. Rg6 Ra8 1-0

[Event "17th Memorial Lezcano Montalvo 2025"]
[Site "Gran Canaria"]
[Date "2025.04.17"]
[Round "6.20"]
[White "Schmitz, Andreas Arnold"]
[Black "Barlov, Dragan"]
[Result "0-1"]
[Annotator "RC"]
[ECO "B08"]
[WhiteElo "1967"]
[BlackElo "2351"]
[PlyCount "120"]
[EventDate "2025.04.13"]
[EventType "swiss"]
[EventCountry "ESP"]
[SourceTitle "playchess.com"]
[Source "ChessBase"]
[SourceQuality "1"]
[TimeControl "5400+30"]

1. e4 d6 2. d4 Nf6 3. Nc3 g6 4. Nf3 Bg7 5. Bd3 O-O 6. O-O Nc6 7. a3 Bg4 8. Be3 Nd7 9. Be2 e5 10. d5 Bxf3 11. Bxf3 Nd4 12. Bxd4 exd4 13. Ne2 Qf6 14. c3 dxc3 15. Nxc3 a6 16. Rc1 Rfe8 17. Na4 Qd8 18. Qc2 b5 19. Nc3 h5 20. Na2 Bh6 21. Rcd1 a5 22. b4 Qb8 23. Be2 axb4 24. axb4 Bg7 25. Rd2 Ra3 26. Rd3 Ra4 27. Rb3 Qb6 28. Rd1 Bd4 29. Bxb5 Bxf2+ 30. Qxf2 Qxb5 31. Re3 Qa6 32. Re2 Ne5 33. Rf1 Ra8 34. b5 Qa5 35. Nc1 Qxb5 36. Rb2 Qd7 37. Qc2 Rc4 38. Qb1 Qg4 39. Nd3 Qxe4 40. Nxe5 Qxe5 41. Rbf2 Rf8 42. Qb5 Rc5 43. Qd7 Qd4 44. h3 Rc2 45. g4 hxg4 46. hxg4 Rxf2 47. Rxf2 Qxd5 48. Qxc7 Qd1+ 49. Kh2 Qxg4 50. Qxd6 Re8 51. Qf6 Qh5+ 52. Kg2 Qd5+ 53. Kg1 Re1+ 54. Rf1 Re5 55. Rf2 Rh5 56. Rf3 Qd1+ 57. Kf2 Qd2+ 58. Kg3 Qh2+ 59. Kg4 Qg2+ 60. Rg3 Qe4+ 0-1